Cogmind - Beta 17.1 @@@ ROGUE MODE // 2026.09.11 @ 20:29:15 Player: f3-rnm Result: Destroyed by God Mode with Slug Cannon Performance ------------- Evolutions (5) 2500 Regions Visited (8) 1600 Robots Destroyed (34) 170 Value Destroyed (1495) 1495 Prototype IDs (22) 440 Alien Tech Used (0) 0 Bonus (7321) 7321 TOTAL SCORE: 13526 Bonus ------- High Alert Combat Kills 113 Follower Combat Kills 477 Prayed to X0-1V1 5000 Major X0-1V1 Interference 1250 Met Warlord at Base 500 Friendly Fire -19 Cogmind --------- Core Integrity 0/610 Matter 300/300 Energy 100/100 System Corruption 2% Temperature Cool (0) Movement Core (1350) Ox26 Location -5/Warlord Parts ------- > --- POWER (1) -------- (None) > --- PROPULSION (4) --- (None) > --- UTILITY (5) ------ Huge Storage Unit Enhanced Optical Array Core Analyzer Improved Transmission Jammer > --- WEAPON (7) ------- (None) > --- INVENTORY (27) --- Fission Core Armored Treads Armored Medium Treads Heavy Treads Heavy Treads Cargo Legs Advanced Heat Sink Improved Coolant Injector High-capacity Storage Unit Improved Energy Well (400) Improved Energy Well (400) High-capacity Matter Pod (57) Improved Weapon Cycler Improved Weapon Cycler Improved Transmission Jammer Improved Hacking Suite High-powered Tractor Beam Tiamat Missile Launcher CPS Tube (2) Peak State ------------ > --- POWER ------------ Neutrino Core > --- PROPULSION ------- Heavy Treads Armored Huge Wheel > --- UTILITY ---------- Advanced Cooling System Huge Storage Unit Enhanced Optical Array Core Analyzer Improved Weapon Cycler > --- WEAPON ----------- Wave Gun Enhanced Force Rifle KE Penetrator Enhanced Coil Gun Enhanced Coil Gun Enhanced Coil Gun Enhanced Coil Gun > --- INVENTORY -------- Fission Core Armored Treads Armored Medium Treads Heavy Treads Cargo Legs Armored Huge Wheel Advanced Heat Sink Improved Coolant Injector High-capacity Storage Unit Improved Energy Well Improved Energy Well High-capacity Matter Pod Improved Weapon Cycler Improved Transmission Jammer Improved Transmission Jammer Improved Hacking Suite High-powered Tractor Beam Tiamat Missile Launcher CPS Tube Sapper Charge Sapper Charge Sapper Charge Sapper Charge [Rating: 109] Favorites ----------- Power Neutrino Core Engine Ion Engine Power Core Neutrino Core Propulsion Light Treads Treads Light Treads Wheel Wheel Utility High-capacity Storage Unit Device X0-1V1's Piety Tracker Storage High-capacity Storage Unit Processor Enhanced Optical Array Protection Improved Medium Armor Plating Weapon Battle Cannon Energy Gun Enhanced Force Rifle Energy Cannon Plasma Cannon Ballistic Gun Enhanced Coil Gun Ballistic Cannon Battle Cannon Launcher Tiamat Missile Launcher Impact Weapon Powered Hammer Build | -11 -10 -10 -7 -7 -5 -5 -5 -5 ------- Run | Yrd Mat Sub Rec Scr Fac Upp Upp War Slots Evolved 10 | . . . . . 10 . . . Power . | . . . . . . . . . Propulsion 2 | . . . . . 2 . . . Utility 3 | . . . . . 3 . . . Weapon 5 | . . . . . 5 . . . Parts Attached 55 | 6 . 9 . 1 34 1 1 3 Power 5 | 1 . 1 . 1 2 . . . Engine 3 | 1 . 1 . 1 . . . . Core 2 | . . . . . 2 . . . Reactor . | . . . . . . . . . Propulsion 11 | 2 . 2 . . 6 . . 1 Treads 7 | 2 . . . . 5 . . . Leg . | . . . . . . . . . Wheel 4 | . . 2 . . 1 . . 1 Hover . | . . . . . . . . . Flight . | . . . . . . . . . Utility 14 | . . 2 . . 10 . . 2 Device 7 | . . 1 . . 5 . . 1 Storage 3 | . . 1 . . 2 . . . Processor 2 | . . . . . 2 . . . Hackware . | . . . . . . . . . Protection 2 | . . . . . 1 . . 1 Artifact . | . . . . . . . . . Weapon 25 | 3 . 4 . . 16 1 1 . Energy Gun 8 | 2 . 2 . . 3 1 . . Energy Cannon 1 | . . . . . 1 . . . Ballistic Gun 9 | 1 . . . . 7 . 1 . Ballistic Cannon 5 | . . 2 . . 3 . . . Launcher 1 | . . . . . 1 . . . Special Weapon . | . . . . . . . . . Impact Weapon 1 | . . . . . 1 . . . Slashing Weapon . | . . . . . . . . . Piercing Weapon . | . . . . . . . . . Special Melee Weapon . | . . . . . . . . . Unidentified Prototypes 8 | . . 1 . . 6 . . 1 Corrupted Parts 2 | . . 1 . . 1 . . . System Corruption 14 | . . 6 . . 8 . . . Parts Lost 15 | . . 5 . . . . . 10 Power 2 | . . 1 . . . . . 1 Propulsion 4 | . . 2 . . . . . 2 Utility 2 | . . 1 . . . . . 1 Weapon 7 | . . 1 . . . . . 6 Highest Loss Streak 10 | . . 5 . . . . . 10 To Critical Strikes 2 | . . . . . . . . 2 Average Backups 14 | 1 2 4 6 13 18 23 23 21 Power . | . . . . . 1 1 1 1 Propulsion 3 | 1 2 1 2 3 4 6 5 5 Utility 7 | . . 2 4 5 10 12 12 11 Weapon 2 | . . . . 3 1 3 4 2 Tool/Special . | . . . . . . . . . Unused Backups 21 | . . . . 1 7 . . 13 Power 2 | . . . . . 2 . . . Propulsion 3 | . . . . 1 . . . 2 Utility 15 | . . . . . 5 . . 10 Weapon . | . . . . . . . . . Tool/Special 1 | . . . . . . . . 1 Average Slot Usage (%) 88 | . 71 81 91 97 92 82 83 85 Engine 5 | . 14 11 9 11 . . . . Core 2 | . . . . . 4 5 5 4 Treads 11 | . 28 20 . . 14 5 5 4 Wheel 8 | . . 2 19 28 2 5 5 5 Device 11 | . . 10 9 14 11 11 11 10 Storage 5 | . . 1 9 14 5 5 5 5 Processor 6 | . . 6 . . 7 11 11 11 Energy Gun 8 | . 14 19 16 . 3 10 11 10 Ballistic Gun 10 | . 14 5 8 . 8 23 24 27 Ballistic Cannon 12 | . . 2 19 28 20 1 . . Peak Build Rating 109 | 5 6 32 32 29 99 103 108 109 Average Rating 58 | 3 5 21 31 26 80 100 103 106 On Entrance 45 | . 5 6 32 25 29 99 101 108 Avg Prop Armor Cover (%) 10 | . . . . . 8 10 10 10 Naked Turns . | . . . . . . . . . Heaviest Build 138 | 8 8 63 63 54 138 127 131 131 Greatest Support 117 | 40 40 40 26 26 117 28 28 56 Greatest Overweight (x) 26 | . . 3 2 2 4 4 4 26 Average Overweight (x) 1 | . . . 1 1 . 4 4 3 Largest Inventory Capacity 27 | 5 5 20 20 20 27 27 27 27 Average Capacity 18 | 5 5 6 20 20 22 27 27 27 Most Carried 27 | 2 5 7 9 20 25 26 27 27 Average Carried 16 | 1 2 5 7 14 20 25 26 26 Final Capacity 27 | 5 5 20 20 20 27 27 27 27 Final Carried 27 | 2 5 7 9 20 25 26 27 22 Class Distribution -------------------- 40% | Mutant 25% | Hauler-Executioner 15% | Derelict-Executioner 12% | Commander-Executioner 4% | Executioner Dominant Class ---------------- Mutant | -10/Materials Mutant | -10/Subcaves Executioner | -7/Recycling Mutant | -7/Scraptown Derelict-Executioner | -5/Factory Hauler-Executioner | -5/Upper Caves Hauler-Executioner | -5/Upper Caves Hauler-Executioner | -5/Warlord Resources | -11 -10 -10 -7 -7 -5 -5 -5 -5 ----------- Run | Yrd Mat Sub Rec Scr Fac Upp Upp War Matter Collected 2834 | 196 . 157 . 333 1686 182 198 82 Remotely . | . . . . . . . . . Salvage Created 1763 | . . 160 . . 1214 255 90 44 Parts 85 | . . 12 . . 60 9 4 . Haulers Intercepted 1 | . . . . . 1 . . . Recyclers Shooed 1 | . . . . . 1 . . . Parts Field Recycled . | . . . . . . . . . Retrieved Matter . | . . . . . . . . . Parts Self-Destructed 34 | . . 12 . . . 19 3 . Prevented . | . . . . . . . . . Parts Restored . | . . . . . . . . . Kills | -11 -10 -10 -7 -7 -5 -5 -5 -5 ------- Run | Yrd Mat Sub Rec Scr Fac Upp Upp War Combat Hostiles Destroyed 26 | . . 5 . . 15 4 1 1 Guns 12 | . . 5 . . 3 3 1 . Cannons 13 | . . . . . 12 1 . . AOE 1 | . . . . . . . . 1 Classes Destroyed 13 | . . 1 . . 11 . . 1 Builder 4 | . . . . . 4 . . . Hauler 1 | . . . . . 1 . . . Recycler 1 | . . . . . 1 . . . Mechanic 1 | . . . . . 1 . . . Watcher 1 | . . . . . 1 . . . Swarmer 4 | . . . . . 4 . . . Grunt 11 | . . . . . 7 4 . . Brawler 1 | . . . . . 1 . . . Sentry 2 | . . . . . 1 . 1 . Hunter 1 | . . . . . 1 . . . Programmer 1 | . . . . . 1 . . . Subdweller 5 | . . 5 . . . . . . Butcher 1 | . . . . . . . . 1 Best Kill Streak 5 | . . 2 . . 5 4 1 1 Combat Bots Only 5 | . . 2 . . 5 4 1 1 Max Kills in Single Turn 2 | . . 1 . . 2 1 1 1 Gunslinging . | . . . . . . . . . Exploded 1 | . . . . . . . . 1 Melee . | . . . . . . . . . Uniques/NPCs Destroyed . | . . . . . . . . . Combat | -11 -10 -10 -7 -7 -5 -5 -5 -5 -------- Run | Yrd Mat Sub Rec Scr Fac Upp Upp War Hostile Shots Fired 245 | . . 57 . . 32 15 4 137 Missed 63 | . . 19 . . 11 4 2 27 Hits 182 | . . 38 . . 21 11 2 110 Melee 7 | . . . . . . . . 7 Projectile 175 | . . 38 . . 21 11 2 103 Critical Strikes 14 | . . 1 . . . 1 . 12 Damage Taken 3745 | . . 762 . . 400 215 47 2321 Core 840 | . . 132 . . 87 . 24 597 Absorbed by Shields . | . . . . . . . . . Core Remaining (%) 78 | 100 . . . 56 . . . . Volleys Fired 89 | 1 2 43 . . 35 5 2 1 Largest 7 | 2 2 5 . . 7 7 6 1 Hottest 317 | 70 70 211 . . 317 282 282 46 Shots Fired 346 | 2 4 110 . . 184 33 12 1 Gun 198 | 2 4 98 . . 53 29 12 . Cannon 147 | . . 12 . . 131 4 . . Launcher 1 | . . . . . . . . 1 Special . | . . . . . . . . . Kinetic 236 | 1 2 41 . . 159 25 8 . Thermal 109 | 1 2 69 . . 25 8 4 . Explosive 1 | . . . . . . . . 1 Electromagnetic . | . . . . . . . . . Robot Hit Streak 27 | 2 1 27 . . 16 8 7 . Robot Miss Streak 8 | . 1 2 . . 8 2 2 . Penetration Max 1 | . . . . . 1 1 . . Secondary Targets 1 | . . . . . . 1 . . Max Gunslinging Chain 1 | . . . . . . 1 . . Shots Hit Robots 169 | 2 1 54 . . 87 17 8 . Core Hits 74 | 1 1 11 . . 43 8 3 7 Critical Kills 10 | . . . . . 9 1 . . Critical Parts Destroyed 13 | . . . . . 11 1 1 . Critical Strikes 26 | . . 1 . . 22 2 1 . Burn 1 | . . 1 . . . . . . Destroy 23 | . . . . . 20 2 1 . Blast 2 | . . . . . 2 . . . Melee Attacks . | . . . . . . . . . Impact . | . . . . . . . . . Slashing . | . . . . . . . . . Piercing . | . . . . . . . . . Sneak Attacks . | . . . . . . . . . Combat Hostiles . | . . . . . . . . . Follow-up Attacks . | . . . . . . . . . Damage Inflicted 4525 | 19 8 1059 . . 2289 483 218 449 Guns 2460 | 19 8 956 . . 819 440 218 . Cannons 1613 | . . 100 . . 1470 43 . . Explosions 449 | . . . . . . . . 449 Melee . | . . . . . . . . . Ramming 3 | . . 3 . . . . . . Kinetic 2880 | 7 8 347 . . 2010 363 145 . Thermal 1093 | 12 . 609 . . 279 120 73 . Explosive 449 | . . . . . . . . 449 Electromagnetic . | . . . . . . . . . Impact . | . . . . . . . . . Slashing . | . . . . . . . . . Piercing . | . . . . . . . . . Entropic 100 | . . 100 . . . . . . Highest Corruption 9 | . . 6 . . 9 9 9 9 Average Corruption 8 | . . 5 . . 8 9 9 6 Corruption Purged . | . . . . . . . . . Corruption Blocked . | . . . . . . . . . Effects 62 | . . 9 . . 30 11 10 2 Message Errors 15 | . . . . . 12 . 3 . Matter Fused 18 | . . 4 . . 5 6 3 . Heat Flow Errors 7 | . . 2 . . 3 . 1 1 Energy Discharges 7 | . . 1 . . 4 1 1 . Parts Fused 1 | . . . . . 1 . . . Data Loss (minor) 7 | . . 1 . . 1 3 1 1 Data Loss (major) 3 | . . . . . 2 . 1 . Misfires 2 | . . . . . 1 1 . . Weapon Failures 2 | . . 1 . . 1 . . . Overload Shots . | . . . . . . . . . Overflow Damage 67 | . . . . . 63 . . 4 Projectiles 63 | . . . . . 63 . . . Explosions 4 | . . . . . . . . 4 Melee . | . . . . . . . . . Knockbacks 10 | . . . . . 10 . . . Impact . | . . . . . . . . . Kinetic 9 | . . . . . 9 . . . Secondary 1 | . . . . . 1 . . . Self-Inflicted Damage 70 | . . 1 . . . . . 69 Shots 1 | . . . . . . . . 1 Rammed 1 | . . 1 . . . . . . Targets Rammed 1 | . . 1 . . . . . . Kicked . | . . . . . . . . . Crushed . | . . . . . . . . . Highest Temperature 435 | 30 30 224 . . 435 387 195 119 Average Temperature 99 | 19 18 58 . . 110 180 89 62 Received Heat Transfer 612 | . . 183 . . 90 87 9 243 Effects 2 | . . . . . 1 1 . . Energy Bleed 1 | . . . . . 1 . . . Matter Decay 1 | . . . . . . 1 . . Siege Activations . | . . . . . . . . . Martial Activations . | . . . . . . . . . Shielding Activations . | . . . . . . . . . Robots Disrupted . | . . . . . . . . . Combat Hostiles . | . . . . . . . . . Robots Corrupted . | . . . . . . . . . Combat Hostiles . | . . . . . . . . . Parts Fried . | . . . . . . . . . Impact Corruptions . | . . . . . . . . . Robots Melted . | . . . . . . . . . Combat Hostiles . | . . . . . . . . . Parts Melted 1 | . . 1 . . . . . . Heat Transferred 1984 | 37 . 1166 . . 485 185 111 . Parts Sabotaged . | . . . . . . . . . Parts Stolen . | . . . . . . . . . Parts Stripped . | . . . . . . . . . Power Chain Reactions . | . . . . . . . . . Alert | -11 -10 -10 -7 -7 -5 -5 -5 -5 ------- Run | Yrd Mat Sub Rec Scr Fac Upp Upp War Maximum Alert Level 3 | . . . . . 3 . . . Low Security (%) 68 | 100 100 . 100 . 60 . . . Level 1 6 | . . . . . 7 . . . Level 2 17 | . . . . . 22 . . . Level 3 7 | . . . . . 9 . . . Level 4 . | . . . . . . . . . Level 5 . | . . . . . . . . . High Security . | . . . . . . . . . Max Security . | . . . . . . . . . Peak Influence 761 | . . . 7 . 761 . . . Initial 7 | . . . 7 . . . . . Average 224 | . . . 1 . 287 . . . Influence Increases 1430 | . . 81 . . 1239 90 20 . Destroy 0b10 Robot/C 700 | . . 60 . . 540 80 20 . Destroy 0b10 Robot/NC 50 | . . . . . 50 . . . Destroy Leader 126 | . . . . . 116 10 . . Allied During Kill 246 | . . 6 . . 240 . . . Disable Machine 30 | . . . . . 30 . . . Anti-Garrison Action 150 | . . . . . 150 . . . Destroy Structure 38 | . . . . . 38 . . . Lose Combat Pursuer 90 | . . 15 . . 75 . . . Influence Decreases 1430 | . . 66 15 . 494 467 211 177 Entered New Map 533 | . . . 8 . . 277 71 177 Time Decay 797 | . . 46 7 . 414 190 140 . Lost Ally 100 | . . 20 . . 80 . . . Squads Dispatched 8 | . 1 . . . 7 . . . Investigation . | . . . . . . . . . Extermination 2 | . . . . . 2 . . . Reinforcement 2 | . 1 . . . 1 . . . Assault 2 | . . . . . 2 . . . Garrison 2 | . . . . . 2 . . . Intercept . | . . . . . . . . . Searches Triggered . | . . . . . . . . . Construction Impeded . | . . . . . . . . . Haulers Reinforced . | . . . . . . . . . Active Scanning Responses . | . . . . . . . . . Cargo Convoy Interrupts . | . . . . . . . . . Stealth | -11 -10 -10 -7 -7 -5 -5 -5 -5 --------- Run | Yrd Mat Sub Rec Scr Fac Upp Upp War Distress Signals 1 | . . . . . 1 . . . Communications Jammed . | . . . . . . . . . Distress Signals . | . . . . . . . . . Times Spotted 79 | . . 16 . . 38 4 1 20 Peak Tracking Total 23 | . . 6 . . 5 4 1 23 Tactical Retreats 5 | . . 1 . . 4 . . . Traps | -11 -10 -10 -7 -7 -5 -5 -5 -5 ------- Run | Yrd Mat Sub Rec Scr Fac Upp Upp War Traps Triggered 1 | . . 1 . . . . . . Indirectly . | . . . . . . . . . Trap Hack Attempts . | . . . . . . . . . Triggered . | . . . . . . . . . Disarmed . | . . . . . . . . . Reprogrammed . | . . . . . . . . . Reused . | . . . . . . . . . Traps Extracted . | . . . . . . . . . Installed . | . . . . . . . . . Triggered . | . . . . . . . . . Time Bombs Activated 4 | . . . . . . . . 4 Exploded 2 | . . . . . . . . 2 Machines | -11 -10 -10 -7 -7 -5 -5 -5 -5 ---------- Run | Yrd Mat Sub Rec Scr Fac Upp Upp War Machines Disabled 5 | . . 2 . . 3 . . . Max in Single Turn 1 | . . 1 . . 1 . . . Garrison Access 1 | . . . . . 1 . . . Machines Repaired . | . . . . . . . . . Machines Dismantled . | . . . . . . . . . Machines Sabotaged . | . . . . . . . . . Overloaded Fab Kills . | . . . . . . . . . Hacking | -11 -10 -10 -7 -7 -5 -5 -5 -5 --------- Run | Yrd Mat Sub Rec Scr Fac Upp Upp War Machines Accessed 2 | . . 1 . . 1 . . . Terminals . | . . . . . . . . . Fabricators . | . . . . . . . . . Repair Stations . | . . . . . . . . . Recycling Units . | . . . . . . . . . Scanalyzers . | . . . . . . . . . Garrison Access 1 | . . . . . 1 . . . Total Hacks 2 | . . 1 . . 1 . . . Successful 1 | . . 1 . . . . . . Failed 1 | . . . . . 1 . . . Catastrophic 1 | . . . . . 1 . . . Database Lockouts . | . . . . . . . . . Manual 1 | . 1 . . . . . . . Terminals . | . . . . . . . . . Fabricators . | . . . . . . . . . Repair Stations . | . . . . . . . . . Recycling Units . | . . . . . . . . . Scanalyzers . | . . . . . . . . . Garrison Access 1 | . . . . . 1 . . . Terminal Hacks 1 | . . 1 . . . . . . Proto ID Catalog 1 | . . 1 . . . . . . Fabricator Hacks . | . . . . . . . . . Repair Station Hacks . | . . . . . . . . . Recycling Unit Hacks . | . . . . . . . . . Scanalyzer . | . . . . . . . . . Garrison Access Hacks . | . . . . . . . . . Unauthorized Hacks . | . . . . . . . . . Terminals . | . . . . . . . . . Fabricators . | . . . . . . . . . Repair Stations . | . . . . . . . . . Recycling Units . | . . . . . . . . . Scanalyzers . | . . . . . . . . . Garrison Access . | . . . . . . . . . Data Cores Recovered . | . . . . . . . . . Used . | . . . . . . . . . Hacking Detections 1 | . . . . . 1 . . . Full Trace Events . | . . . . . . . . . Feedback Events . | . . . . . . . . . Feedback Blocked . | . . . . . . . . . Robot Schematics Acquired . | . . . . . . . . . Robots Built . | . . . . . . . . . Authchips . | . . . . . . . . . Time . | . . . . . . . . . Total Robot Build Rating . | . . . . . . . . . Part Schematics Acquired . | . . . . . . . . . Parts Built . | . . . . . . . . . Authchips . | . . . . . . . . . Time . | . . . . . . . . . Total Part Build Rating . | . . . . . . . . . Part Studies Acquired . | . . . . . . . . . Parts Repaired . | . . . . . . . . . Time . | . . . . . . . . . Parts Recycled . | . . . . . . . . . Recycled Matter . | . . . . . . . . . Retrieved Matter . | . . . . . . . . . Retrieved Components . | . . . . . . . . . Parts Scanalyzed . | . . . . . . . . . Part Schematics Acquired . | . . . . . . . . . Parts Damaged . | . . . . . . . . . Bothacking | -11 -10 -10 -7 -7 -5 -5 -5 -5 ------------ Run | Yrd Mat Sub Rec Scr Fac Upp Upp War Used RIF Installer . | . . . . . . . . . Robots Hacked . | . . . . . . . . . Non-combat . | . . . . . . . . . Combat . | . . . . . . . . . Robot Hacks Applied . | . . . . . . . . . Relay Couplers Released 1 | . . . . . 1 . . . Machine Destruction 1 | . . . . . 1 . . . Fabnet Peak Effective % . | . . . . . . . . . Robots Rewired . | . . . . . . . . . Allies Hacked 1 | . . . . . 1 . . . Hacks Repelled . | . . . . . . . . . Allies | -11 -10 -10 -7 -7 -5 -5 -5 -5 -------- Run | Yrd Mat Sub Rec Scr Fac Upp Upp War Total Allies 7 | . . 2 . . 5 . . . Largest Group 5 | . . 2 . . 5 . . . Highest-Rated Group 230 | . . 10 . . 230 . . . Highest-Rated Ally 46 | . . 5 . . 46 . . . Total Orders . | . . . . . . . . . Ally Attacks 128 | . . 32 . . 96 . . . Total Damage 1264 | . . 179 . . 1085 . . . Kills 18 | . . 4 . . 14 . . . Allies Corrupted 1 | . . . . . 1 . . . Allies Melted . | . . . . . . . . . X0-1V1 Amusement Gains 189 | . 8 . . . 95 . . 86 Average Entertainment 45 | . 7 4 7 . 79 47 24 75 Good Acts 32 | . . 22 1 . 7 1 . 1 Bad Acts 13 | . . 10 . . 1 1 1 . Intel | -11 -10 -10 -7 -7 -5 -5 -5 -5 ------- Run | Yrd Mat Sub Rec Scr Fac Upp Upp War Active Infowar (turns) 2402 | . . . . . 1395 384 294 329 Optics 2402 | . . . . . 1395 384 294 329 Jamming 191 | . . . . . 164 . . 27 Robot Analysis Total . | . . . . . . . . . Derelict Logs Recovered 6 | . . . . 3 . 2 1 . Drone Launches . | . . . . . . . . . Drone Recoveries . | . . . . . . . . . Exploration | -11 -10 -10 -7 -7 -5 -5 -5 -5 ------------- Run | Yrd Mat Sub Rec Scr Fac Upp Upp War Turns Passed 4509 | 117 202 858 82 828 1415 384 294 329 Spaces Moved 2744 | 70 74 464 68 733 735 230 178 192 Core 11 | 8 . 2 . . . . . 1 Treads 1048 | 62 74 377 . . 535 . . . Legs . | . . . . . . . . . Wheels 1685 | . . 85 68 733 200 230 178 191 Hover . | . . . . . . . . . Flight . | . . . . . . . . . Fastest Speed 50 | 50 160 90 105 105 120 160 160 115 Average Speed 145 | 147 160 151 119 110 163 160 160 164 Slowest Speed 1350 | 160 160 200 120 120 247 160 160 1350 Overloaded Moves . | . . . . . . . . . Propulsion Burnouts . | . . . . . . . . . Robots Hopped . | . . . . . . . . . Potential Cave-ins . | . . . . . . . . . Cave-ins Triggered . | . . . . . . . . . Exploration Rate (%) 30 | 4 15 35 18 49 22 44 45 44 Regions Visited 8 Branch Regions 6 Pre-discovered Areas . | . . . . . . . . . Known Exits Taken 2 | . . 1 . 1 . . . . Unknown Exits Taken 6 | 1 1 . 1 . 1 1 1 . Scrap Searched 11 | . . . . 7 . 2 2 . Spaces Dug 3 | . . . . . 3 . . . Terrain Destroyed 49 | . . 3 . . 19 20 7 . Melee . | . . . . . . . . . Projectile 49 | . . 3 . . 19 20 7 . AOE . | . . . . . . . . . Terrain Rammed . | . . . . . . . . . Walls Destroyed . | . . . . . . . . . Machines Disabled . | . . . . . . . . . Actions | -11 -10 -10 -7 -7 -5 -5 -5 -5 --------- Run | Yrd Mat Sub Rec Scr Fac Upp Upp War Total 3090 | 80 154 523 69 749 875 236 184 220 Wait 84 | . 76 . . . 8 . . . Move 2736 | 69 73 463 67 732 734 229 177 192 Hop . | . . . . . . . . . Pick Up 59 | 3 3 6 2 13 24 . 2 6 Fast Attach 26 | 5 . 4 . 1 13 . 1 2 Attach 21 | 1 . 4 . . 14 . . 2 Detach 4 | . . . . . 3 1 . . Swap 15 | . . 1 . . 12 1 . 1 Drop 46 | 1 . 1 . 3 27 . 2 12 Fire 89 | 1 2 43 . . 35 5 2 1 Melee . | . . . . . . . . . Ram 1 | . . 1 . . . . . . Kick . | . . . . . . . . . Crush . | . . . . . . . . . Escape Stasis . | . . . . . . . . . Rewire 5 | . . . . . 5 . . . Trap 4 | . . . . . . . . 4 Miscellaneous . | . . . . . . . . . Route ------- -11/Scrapyard -10/Materials -10/Subcaves (discovered 3 exits: *Mat x2 / *Rec) -7/Recycling (discovered 2 exits: Fac / [*Scr]) -7/Scraptown -5/Factory (discovered 3 exits: *Fac x2 / [*Upp]) -5/Upper Caves -5/Upper Caves -5/Warlord History --------- Turn | Location | Event 13 | -11/Scrapyard | Discovered new exit (range 12) 118 | -11/Scrapyard | Entered Materials 196 | -10/Materials | Discovered new exit (range 6) 216 | -10/Materials | Prayed at D.C.S.S. Altar Unit 309 | -10/Materials | Build established: Mutant 320 | -10/Materials | Entered Subcaves 321 | -10/Subcaves | Approached by a straggling Scientist 585 | -10/Subcaves | Visited 4L-MR0's lab 608 | -10/Subcaves | Found Power Bank 642 | -10/Subcaves | X0-1V1 caused items to flee you 658 | -10/Subcaves | Ranged accuracy permanently improved by X0-1V1 (+9%; -90 max core) 673 | -10/Subcaves | X0-1V1 activates XOMVISION 710 | -10/Subcaves | Identified exit to Recycling 710 | -10/Subcaves | X0-1V1 revealed exit location to -7/Recycling 745 | -10/Subcaves | X0-1V1 sent you into danger 752 | -10/Subcaves | X0-1V1 whisked you away to safety 772 | -10/Subcaves | X0-1V1 sent hostile G-34 Mercenary (x3) 774 | -10/Subcaves | X0-1V1 sent allied S-10 Pest (x2) 779 | -10/Subcaves | Weapon slot count temporarily expanded by X0-1V1 (+4) 792 | -10/Subcaves | Identified exit to Materials 792 | -10/Subcaves | X0-1V1 revealed exit location to -8/Materials 865 | -10/Subcaves | X0-1V1 revealed exit location to -8/Materials 958 | -10/Subcaves | Items stopped fleeing you 1009 | -10/Subcaves | A Subdweller sparked back to life 1009 | -10/Subcaves | A Subdweller sparked back to life 1009 | -10/Subcaves | A Subdweller sparked back to life 1035 | -10/Subcaves | Found Cargo Legs 1052 | -10/Subcaves | Lost 5 parts (1p2n1u1w) 1178 | -10/Subcaves | Entered Recycling 1200 | -7/Recycling | Identified exit to Factory 1200 | -7/Recycling | X0-1V1 revealed exit location to -5/Factory 1228 | -7/Recycling | Scanned before Scraplab entrance 1244 | -7/Recycling | Entered Scraplab 1254 | -7/Recycling | Discovered new exit (range 3) 1254 | -7/Recycling | Weapon slot count reverted to normal (-4) 1260 | -7/Recycling | Entered Scraptown 1344 | -7/Scraptown | Scanned Subdweller tech in exchange for log data 1348 | -7/Scraptown | Learned Research stockpile data 1349 | -7/Scraptown | Learned Factory non-interactive machine intel 1350 | -7/Scraptown | Learned location of 2 exits from Factory 1361 | -7/Scraptown | Discovered exit to Factory (range 11) 1434 | -7/Scraptown | Visited Red Mages 1448 | -7/Scraptown | Visited Assassins FH 1470 | -7/Scraptown | Visited Bundlers 1595 | -7/Scraptown | Visited CR-KLE's Repair Center 1622 | -7/Scraptown | Visited Comm Corps 2088 | -7/Scraptown | Entered Factory 2088 | -5/Factory | Evolved 10 slots: Propulsion x2, Utility x3, Weapon x5 2089 | -5/Factory | Identified exit to Factory 2090 | -5/Factory | Loaded intel: 279 non-interactive machine locations 2163 | -5/Factory | Inventory capacity permanently improved by X0-1V1 (+2; -200 max core) 2175 | -5/Factory | X0-1V1 sent you to a vault 2660 | -5/Factory | Build established: Commander-Executioner 2898 | -5/Factory | X0-1V1 downgraded hostiles (x3) 3036 | -5/Factory | Garrison activated, responded to threat 3140 | -5/Factory | Build established: Derelict-Executioner 3476 | -5/Factory | Discovered new exit (range 17) 3503 | -5/Factory | Entered Upper Caves 3504 | -5/Upper Caves | Encountered a Warlord checkpoint 3511 | -5/Upper Caves | Learned location of 1 exit from Factory 3637 | -5/Upper Caves | Build established: Hauler-Executioner 3767 | -5/Upper Caves | Learned 4 Factory zone layouts 3798 | -5/Upper Caves | Energy generation permanently improved by X0-1V1 (+10; -100 max core) 3849 | -5/Upper Caves | Discovered new exit (range 15) 3887 | -5/Upper Caves | Entered another Upper Caves area 3937 | -5/Upper Caves | Learned Factory garrison access intel 4084 | -5/Upper Caves | Attracted the attention of an 0b10 checkpoint 4168 | -5/Upper Caves | Discovered new exit (range 9) 4181 | -5/Upper Caves | Entered Warlord 4242 | -5/Warlord | System corruption cleaned by Quarantine Array 4466 | -5/Warlord | Met Warlord 4489 | -5/Warlord | Attacked by Warlord forces 4489 | -5/Warlord | Spotted ZV-MXK(K) 4489 | -5/Warlord | Spotted 4X-B1O(K) 4502 | -5/Warlord | Core integrity fell below 50% 4507 | -5/Warlord | Core integrity fell below 20% 4510 | -5/Warlord | Destroyed by God Mode with Slug Cannon Last Messages --------------- 04506_ QM-ZPL(g) destroyed. 04506_ CN-UYW(g) destroyed. 04506_ FG-LJU(g) destroyed. 04507_ B0-CGZ(g) critical meltdown. 04507_ 51-5HX(l) suffers critical hit (Destroy). 04507_ 51-5HX(l) destroyed. 04507_ ZV-MXK(K) suffers critical hit (Destroy). 04507_ ZV-MXK(K) knocked back. 04507_ Slug penetrates ZV-MXK(K). 04507_ ZV-MXK(K) suffers critical hit (Destroy). 04507_ Dropped Sapper Charge. 04507_ Enh. Coil Gun destroyed. 04507_ Adv. Cooling System destroyed. 04507_ Penetrated by HV Slug. 04507_ Critical hit (Destroy). 04507_ Arm. Huge Wheel destroyed. 04507_ Started Sapper Charge timer (8). 04508_ F3-M5R knocked back. 04508_ Acquired 82 matter. 04510_ X0-1V1 howls with laughter! Map ----- +----------------------------------------------------+ | | | | | | | | | | | | | | | | | | | ?????????????????????????????????????????????????? | | ?????????????????????????????????????????????????? | | ?????????????????????????????????????????????????? | | ?????????????????????????????????????????????????? | | ?????????????????????????????????????????????????? | | ?????????????????????????????????????????????????? | | ?????????????????????????????????????????????????? | | ?????????????????????????????????????????????????? | | ???????????????????????????????????????????####### | | ???????????????????????????????????????????# | | ???????????????????????????????????????????# | | ???????????????????????????????????????????# ] | | ???????????????????????????????????????????# | | ???????????????????????????????????????????# | | ???????????????????????????????????????????# | | ?????????????????????###########???????????# !! | | ?????????????????????# @&% #???????????# ] | | ?????????????????????# WK% "#???????????# | | ?????????????????????# g % "#???????????####### | | ?????????????????????# s #?????????????????? | | ?????????????????????# *% % #?????????????????? | | ?????????????????????#" %[g #???###???????????? | | ?????????????????????#"== #???!""?##????????? | | ????????????????????##GG #???? X?"#????????? | | ????????????????????# GG #???? !#????????? | | ????????????????????# g #????X !?????????? | | ????????????????????# "#????" !?????##### | | ????????????????????# g^g "#????# ??????#"""" | | ????????????????????#####Y//####??###+##??????"""" | | ????????????????????????# #?????# ##?????"" " | | ????????????????????????# #?????# #?????"X X | | ????????????????????????#b ####### #??????"" ? | | ???????????????????###### ####???# ? | | ???????????????????+ ## #####+## | | ???????????????????###### | | ???????????????????????# ^^ | | ?????????????????????#### | | ??????????? ^^ | | ???????????????##### ####/###+#####+####### | | ???????????????????# #?# #????? | | ???????????????????## #######?# // #????? | +----------------------------------------------------+ Best States ------------- Heat Dissipation 102 Energy Generation 29 Energy Capacity 1065 Matter Stores 711 Matter Capacity 1000 Sight Range 22 Terrain Scan Density 10 Jamming Range 14 Armor Coverage 225 Weapon Cycling 20 Evasion (%) 42 Targeting Accuracy 10 Core Analysis 6 Recoil Reduction 4 Kinecelleration 40 Item Schematics ----------------- None Robot Schematics ------------------ None Fabricated ------------ Nothing Repaired ---------- Nothing Studied --------- None Alien Tech Used ----------------- None Achievements -------------- None Challenges ------------ None Game ------ Seed NeutronGuidanceFlakker Manual? 0 Play Time 00:27:29 Cumulative 555.3 hours Start 2026.08.30 @ 10:23:22 End 2026.09.11 @ 20:29:15 Sessions 3 Manual Loads 0 Difficulty Rogue Special Mode None Game No. 459 Rogue 423 Adventurer 36 Explorer 0 Win Type - Total 28 Types 10/2/14/0/0/1/1/0/0/0 Lore% 74 Gallery% 85 Achievement% 74 Wizard Run 0 Options --------- Layout 0 ASCII 0 Keyboard 0 Movement Mouse Keybinds 0 Fullscreen 1 Font 18/SmallcapsGlow Map View 76x50 Zoom Use 0% Tactical HUD 1 Map Filters NONE Filters NONE Steam 1 RUN: 32c27833-b209-4029-8166-d383402c29aa